 Dungeon Crawl Stone Soup version 0.30-a0-739-gea05faddec (webtiles) character file.

Game seed: 14765060884732516655

45687 arthad the Convoker (level 14, -5/69 HPs)
             Began as a Felid Summoner on Feb 3, 2023.
             Was an Initiate of Gozag.
             Slain by a +6 long sword (17 damage)
             ... on level 14 of the Dungeon on Feb 4, 2023.
             The game lasted 02:32:41 (29834 turns).

arthad the Convoker (Felid Summoner)               Turns: 29834, Time: 02:32:42

Health: -5/69      AC:  3    Str:  3    XL:     14   Next: 2%
Magic:  1/29       EV: 26    Int: 25    God:    Gozag
Gold:   1104       SH:  0    Dex: 16    Spells: 3/34 levels left
                                        Lives:  0   Deaths: 3

rFire   . . .      SeeInvis +    (weapon unavailable)
rCold   + . .      Faith    .    (shield unavailable)
rNeg    . . .      Spirit   .    (body armour unavailable)
rPois   .          Reflect  .    (helmet unavailable)
rElec   .          Harm     .    (cloak unavailable)
rCorr   .          Rampage  .    (gloves unavailable)
Will    ++...      Archmagi +    (boots unavailable)
Stlth   ++                       Y - amulet of magic regeneration
HPRegen 0.31/turn                A - ring of the Mage {Wiz Archmagi}
MPRegen 0.61/turn                B - ring of wizardry

@: studying Fighting, quick
A: very small, claws 1, fangs 3, see invisible, speed 1, shaggy fur 3, stealthy
paws, no weapons or thrown items, no armour, multi-lived, clever 1
a: Renounce Religion, Potion Petition, Call Merchant, Bribe Branch


You were on level 14 of the Dungeon.
You worshipped Gozag.
Gozag was most pleased with you.
You visited 3 branches of the dungeon, and saw 22 of its levels.
You visited 1 bazaar.
You also visited: Ossuary, Bailey and Gauntlet.

You collected 8801 gold pieces.
You spent 4552 gold pieces at shops.
You paid 3145 gold pieces to Gozag.

Inventory:

Hand Weapons
 x - the +9 staff of Wucad Mu {*channel}
   (You found it on level 14 of the Dungeon)

   *Channel:  It occasionally powers its wielder's spells, but with a chance of
   causing confusion or draining the wielder's intelligence.
   It becomes more likely to activate and less likely to backfire with increased
   Evocations skill.
Armour
 X - the +1 scale mail of Mumblety Peg {Harm Rampage Str+3}
   (You found it on level 14 of the Dungeon)

   Str:       It affects your strength (+3).
   Harm:      It increases damage dealt and taken.
   Rampage:   It bestows one free step when moving towards enemies.
Jewellery
 h - a +4 ring of protection
 j - a ring of positive energy
 l - the ring "Taxul" {rF+ Str+3 Dex+5 SInv}
   (You found it in a Gauntlet)

   [ring of see invisible]

   Str:       It affects your strength (+3).
   Dex:       It affects your dexterity (+5).
   rF:        It protects you from fire.
   SInv:      It lets you see invisible.
 q - a +6 ring of strength
 t - a +4 ring of slaying
 A - the ring of the Mage (left paw) {Wiz Archmagi}
   (You bought it in a shop on level 5 of the Lair of Beasts)

   [ring of wizardry]

   It improves your spell success rate.
   Archmagi:  It increases the power of your magical spells.
 B - a ring of wizardry (right paw)
 E - the amulet of Adetwoif {Faith rC+ Regen+ Slay+2 Stlth+}
   (You bought it in a shop on level 1 of the Lair of Beasts)

   [amulet of faith]

   It allows you to gain divine favour quickly.
   Slay:      It affects your accuracy & damage with ranged weapons and melee
   (+2).
   rC:        It protects you from cold.
   Regen:     It increases your rate of health regeneration.
   Stlth:     It makes you more stealthy.
 G - the amulet "Jothatei" {Spirit Fragile rElec Int+6}
   (You found it on level 5 of the Lair of Beasts)

   [amulet of guardian spirit]

   It causes incoming damage to be divided between your reserves of health and
   magic.
   Int:       It affects your intelligence (+6).
   rElec:     It insulates you from electricity.
   Fragile:   It will be destroyed if unequipped.
 M - a ring of magical power
 P - a ring of ice
 Y - an amulet of magic regeneration (around neck)
Wands
 i - a wand of polymorph (17)
 k - a wand of charming (4)
 C - a wand of mindburst (13)
 I - a wand of flame (48)
 J - a wand of light (3)
 N - a wand of digging (7)
 Z - a wand of roots (5)
Scrolls
 b - 8 scrolls of identify
 c - 2 scrolls of poison
 o - 6 scrolls of amnesia
 p - 6 scrolls of enchant weapon
 y - 2 scrolls of silence
 D - 2 scrolls of fear
 H - 5 scrolls of enchant armour
 L - 3 scrolls of fog
 O - 2 scrolls of vulnerability
 Q - 5 scrolls of teleportation
 S - a scroll of immolation
 U - 2 scrolls of torment
 W - 4 scrolls of noise
Potions
 a - 6 potions of magic
 d - 3 potions of might
 e - 8 potions of attraction
 f - 7 potions of flight
 g - 4 potions of berserk rage
 m - 6 potions of brilliance
 n - 6 potions of curing
 r - 2 potions of cancellation
 s - 8 potions of haste
 u - 3 potions of resistance
 v - a potion of ambrosia
 w - 5 potions of lignification
 z - 2 potions of invisibility
 K - 10 potions of heal wounds
 R - a potion of mutation
 V - a potion of degeneration
Miscellaneous
 F - a piece from Xom's chessboard (15/15)
 T - a lightning rod (4/4)


   Skills:
 + Level 12.4 Fighting
 + Level 14.1 Dodging
 - Level 3.4 Stealth
 + Level 10.5 Spellcasting
 - Level 10.0 Hexes
 * Level 15.9 Summonings
 - Level 5.0 Translocations
 + Level 7.9 Transmutations
 - Level 10.0 Air Magic


You had 3 spell levels left.
You knew the following spells:

 Your Spells              Type           Power      Damage    Failure   Level
a - Summon Small Mammal   Summ           100%       N/A       0%          1
b - Call Imp              Summ           96%        N/A       0%          2
c - Call Canine Familiar  Summ           96%        N/A       0%          3
d - Summon Guardian Gole  Hex/Summ       87%        N/A       1%          3
e - Summon Lightning Spi  Summ/Air       87%        N/A       1%          4
f - Blink                 Tloc           100%       N/A       1%          2
g - Tukima's Dance        Hex            76%        N/A       1%          3
h - Yara's Violent Unrav  Hex/Tmut       36%        3d15      1%          5
i - Sublimation of Blood  Necr           19%        N/A       1%          2
j - Summon Cactus Giant   Summ           48%        N/A       1%          6

Your spell library contained the following spells:

 Spells                   Type           Power      Damage    Failure   Level
 Apportation              Tloc           100%       N/A       1%          1
 Beastly Appendage        Tmut           100%       N/A       1%          1
 Cigotuvi's Dreadful Rot  Necr/Pois/Air  88%        N/A       1%          2
 Lesser Beckoning         Tloc           100%       N/A       1%          2
 Momentum Strike          Conj/Tloc      76%        3d10      1%          2
 Poisonous Vapours        Pois/Air       100%       N/A       1%          2
 Scorch                   Fire           38%        2d6       1%          2
 Wereblood                Tmut           68%        N/A       1%          2
 Mephitic Cloud           Conj/Pois/Air  44%        N/A       1%          3
 Spider Form              Tmut/Pois      49%        N/A       1%          3
 Manifold Assault         Tloc           55%        N/A       1%          4
 Passage of Golubria      Tloc           55%        N/A       1%          4
 Petrify                  Tmut/Erth      49%        N/A       2%          4
 Metabolic Englaciation   Hex/Ice        27%        N/A       4%          5
 Alistair's Intoxication  Tmut/Pois      32%        N/A       7%          5
 Irradiate                Conj/Tmut      24%        3d19      7%          5
 Dispel Undead            Necr           19%        3d11      13%         4
 Flame Wave               Conj/Fire      19%        2d7       13%         4
 Dispersal                Tloc           27%        N/A       24%         6
 Statue Form              Tmut/Erth      32%        N/A       32%         6
 Death Channel            Necr           9%         N/A       83%         6
 Disjunction              Tloc           27%        N/A       100%        8
 Chain Lightning          Conj/Air       27%        3d36      100%        9
 Fire Storm               Conj/Fire      9%         8d3       100%        9
 Shatter                  Erth           9%         3d11*     100%        9


Dungeon Overview and Level Annotations

Branches:
Dungeon (15/15)            Temple (0/1) D:7            Lair (5/5) D:10
  Swamp (0/4) Lair:2       Spider (0/4) Lair:3        Slime (0/5) Lair:5
    Orc (2/2) D:12            Elf (0/3) Orc:2        Vaults (0/5) D:14
 Depths (0/4) D:15        Ossuary (visited)          Bailey (visited)
Gauntlet (visited)

Altars:
Cheibriados
Fedhas
Gozag
Hepliaklqana
Kikubaaqudgha
Qazlal
Sif Muna
Trog
Xom
Yredelemnul
Lugonu

Shops:
D:4 ?   D:9 =   Orc:1 **(*[   Orc:2 [[[(*=   Lair:1 =?:   Lair:5 =

Portals:
Abyss: Lair:5

Annotations:
D:1 1 transporter
D:15 34 runed doors
Lair:5 1 runed translucent door, browni3141's ghost, journeyman NaSu


Innate Abilities, Weirdness & Mutations

You have sharp claws.
You have razor-sharp teeth.
You have supernaturally acute eyesight. (SInv)
You cover ground quickly. (Speed+)
Your thick and shaggy fur keeps you warm. (AC +3, rC+)
Your paws help you pounce on unaware monsters.
You are incapable of wielding weapons or throwing items.
You cannot wear armour.
You gain extra lives every three experience levels.
Your mind is acute. (Int +4, Str/Dex -1)


Message History

A guardian golem appears, shielding your allies.
Your cactus giant is engulfed in blazing flames.
Your cactus giant hits the +6 long sword with a +0 giant spiked club.
The +6 long sword is engulfed in blazing flames.
Casting: Summon Guardian Golem (safe; 1% risk of failure)
Confirm with . or Enter, or press ? or * to list all spells.
You feel a surge of power!
The +6 long sword is engulfed in blazing flames.
Casting: Call Canine Familiar (safe; 0% risk of failure)
Confirm with . or Enter, or press ? or * to list all spells.
Okay, then.
Casting: Call Canine Familiar (safe; 0% risk of failure)
Confirm with . or Enter, or press ? or * to list all spells.
You feel a surge of power!
A beastly little devil appears in a puff of flame.
Your cactus giant is engulfed in blazing flames.
The +6 long sword hits your warg!
Your warg closely misses the +6 long sword.
Your lightning spire disappears in a puff of smoke!
Your cactus giant disappears in a puff of smoke!
The +6 long sword hits your warg!
Your crimson imp hits the +6 long sword.
Your warg bites the +6 long sword!
Casting: Call Imp (safe; 0% risk of failure)
Confirm with . or Enter, or press ? or * to list all spells.
You feel a surge of power!
An electric hum fills the air.
The +6 long sword hits your warg!!
Your warg misses the +6 long sword.
Your crimson imp hits the +6 long sword.
The +6 long sword hits your warg!!
Your warg dies!
Your warg's corpse disappears in a puff of smoke!
Casting: Summon Lightning Spire (safe; 1% risk of failure)
Confirm with . or Enter, or press ? or * to list all spells.
You feel a surge of power!
Your guardian golem overheats!
Your crimson imp closely misses the +6 long sword.
The +6 long sword attacks as you move away!
The +6 long sword hits you!
You die...
Your body crumbles into a pile of gold.

#######.# ############
......#.#
##..........######
#####.#.#
#..$.............# #
#.#.####.#$.............#
#
#.#......#......#)#.....#
#
#.######.##....#####....#
# #.# #.##......∩......#
# #"# #.##..h.#####....#
# #.# #.##.@§..#§#§....#
#####.#
#....§(5..§.☼....#
......#
####8..9..§○§....#
.###### ####..#.#...###
.## ##.....### ..#
###.### ..# #.# ..# #.#
..# #.#


You could see a +6 long sword (ally target), a friendly guardian golem
(summoned, inner flame), a friendly warg (summoned, sheltered), a friendly
lightning spire (summoned, sheltered) and a friendly crimson imp (summoned,
sheltered).

Vanquished Creatures
  Fannar (D:10)
  An ogre mage (Orc:2)
  A blink frog (Lair:5)
  An orc warrior (D:9)
  2 howler monkeys (D:3)
  A hound (D:3)
  A human zombie (Ossuary)
  An orc priest (D:3)
  A dart slug (D:1)
  An orc (D:3)
  2 bats
  A giant cockroach (D:2)
  A goblin (D:1)
  A quokka (D:4)
  A ball python (D:1)
  A rat zombie (Ossuary)
18 creatures vanquished.

Vanquished Creatures (collateral kills)
  Rupert (Orc:2)
  Frances (D:13)
  An orc warlord (Bailey)
  A minotaur (Gauntlet)
  A hydra (Lair:4)
  Erolcha (Orc:2)
  4 centaur warriors
  3 ogre magi (Orc:2)
  3 boulder beetles
  A dancing weapon (D:14)
  Erica (D:8)
  A tengu warrior (D:15)
  19 two-headed ogres
  3 death yaks (Lair:3)
  Urug (Lair:3)
  2 thrashing horrors (Lair:5)
  Sonja (Orc:2)
  2 skeletal warriors (D:14)
  A deep elf pyromancer (D:10)
  Pikel (D:7)
  A wizard (D:14)
  An orc knight (Orc:2)
  2 oklob plants (Lair:5)
  5 manticores
  3 cyclopes
  16 elephants
  Maurice (D:8)
  2 black mambas
  7 cane toads
  2 smoke demons (Lair:5)
  4 rime drakes
  An unseen horror (shapeshifter) (D:13)
  5 komodo dragons
  2 unseen horrors
  A tengu conjurer (D:15)
  2 ancient zymes (Lair:5)
  6 trolls
  A polar bear (Lair:2)
  A meliai (D:15)
  A wolf spider simulacrum (Gauntlet)
  A large abomination (Lair:5)
  7 blink frogs (Lair:5)
  A hornet (Lair:3)
  4 dream sheep (Lair:4)
  16 slime creatures
  A jumping spider (Lair:3)
  Sigmund (D:4)
  A centaur simulacrum (Gauntlet)
  3 shadows
  7 flying skulls (Gauntlet)
  2 wyverns
  A ynoxinul (Lair:5)
  10 wraiths
  6 basilisks
  20 yaks
  A human (shapeshifter) (D:13)
  7 small abominations (Lair:5)
  2 steam dragons
  A chaos spawn (Lair:5)
  A redback (Lair:3)
  2 vampire mosquitoes (D:14)
  Edmund (D:4)
  2 acid dragons
  14 water moccasins
  18 orc warriors
  2 ice beasts
  A sky beast (D:7)
  A black bear (D:6)
  20 ogres
  16 centaurs
  3 wolves (Lair:2)
  2 phantoms (D:5)
  9 bullfrogs
  2 elf zombies (Ossuary)
  7 scorpions
  A gnoll sergeant (Orc:1)
  16 wights
  5 killer bees (D:9)
  9 howler monkeys
  A centaur zombie (Ossuary)
  A human zombie (Ossuary)
  3 hounds
  A jelly (D:6)
  11 orc priests
  A gnoll bouda (D:9)
  2 iguanas
  15 orc wizards
  A mummy (D:8)
  6 adders
  19 gnolls
  A white imp (D:7)
  3 ufetubi
  2 adder zombies (Ossuary)
  2 worms (D:2)
  2 dart slugs
  87 orcs
  7 ball pythons
  7 endoplasms
  A giant cockroach (D:1)
  7 hobgoblins
  13 jackals (D:3)
  2 quokkas
  2 bats
  13 goblins
  A goblin zombie (Ossuary)
  9 hobgoblin zombies (Ossuary)
  15 kobolds
  6 kobold zombies (Ossuary)
  6 orc zombies (Ossuary)
  4 rats
  A rat zombie (Ossuary)
  A spectral orc (D:8)
590 creatures vanquished.

Vanquished Creatures (others)
  Josephine (D:10)
  3 hydras
  2 two-headed ogres
  A centaur warrior (D:14)
  2 death yaks (Lair:3)
  A skeletal warrior (D:14)
  5 ugly things
  An oklob plant (Lair:5)
  A manticore (D:13)
  An elephant (Lair:2)
  A gargoyle (D:11)
  2 cane toads
  An unseen horror (D:10)
  A rime drake (Lair:5)
  A freezing wraith (D:13)
  2 meliai (D:15)
  A hornet (Gauntlet)
  3 blink frogs (Lair:5)
  A dancing weapon (Orc:2)
  3 slime creatures
  A centaur simulacrum (Gauntlet)
  4 flying skulls (Gauntlet)
  A spriggan (Lair:5)
  4 wraiths
  2 yaks (Lair:5)
  2 ynoxinuls (Lair:5)
  A chaos spawn (Lair:5)
  A basilisk (Lair:5)
  A large abomination (Lair:5)
  An acid dragon (D:14)
  A water moccasin (Lair:5)
  A small abomination (Lair:5)
  2 orc warriors
  2 ogres
  3 centaurs
  A bullfrog (Lair:3)
  A gnoll sergeant (D:3)
  A scorpion (D:4)
  5 wights
  A hornet simulacrum (Gauntlet)
  A killer bee (D:9)
  A hound (D:5)
  An orc wizard (Orc:2)
  2 mummies (Ossuary)
  6 gnolls
  2 orcs (D:3)
  A hobgoblin (Bailey)
  3 hobgoblin zombies (Ossuary)
  2 kobold zombies (Ossuary)
  An orc zombie (Ossuary)
  15 fungi
  24 plants
  14 withered plants (Gauntlet)
143 creatures vanquished.

Grand Total: 751 creatures vanquished

Notes
Turn   | Place    | Note
-------+----------+-------------------------------------------
     0 | D:1      | arthad the Felid Summoner began the quest for the Orb.
     0 | D:1      | Reached XP level 1. HP: 7/7 MP: 4/4
   457 | D:1      | Reached XP level 2. HP: 11/11 MP: 3/6
   517 | D:1      | Learned a level 2 spell: Call Imp
   723 | D:1      | Reached XP level 3. HP: 14/14 MP: 0/7
   727 | D:1      | Learned a level 3 spell: Call Canine Familiar
  1773 | D:2      | Reached XP level 4. HP: 18/18 MP: 3/9
  2280 | D:3      | Reached skill level 5 in Summonings
  2452 | D:3      | Noticed an ogre
  3065 | D:3      | Killed an ogre
  3066 | D:3      | Reached skill level 1 in Hexes
  3066 | D:3      | Reached skill level 1 in Air Magic
  3066 | D:3      | Reached XP level 5. HP: 21/21 MP: 6/10
  3320 | D:3      | Gained mutation: You are covered in thick fur. (AC +2)
                  | [Felid growth]
  3320 | D:3      | Reached XP level 6. HP: 24/24 MP: 6/12
  3324 | D:3      | Learned a level 3 spell: Summon Guardian Golem
  3488 | D:3      | Reached skill level 6 in Summonings
  3851 | D:3      | Reached XP level 7. HP: 27/27 MP: 13/13
  3856 | D:3      | Learned a level 4 spell: Summon Lightning Spire
  4435 | D:4      | Reached skill level 1 in Fighting
  4677 | D:4      | Noticed Sigmund
  4691 | D:4      | Killed Sigmund
  4965 | D:4      | Found Zedik's Magic Scroll Shoppe.
  4973 | D:4      | Bought a scroll of amnesia for 48 gold pieces
  4973 | D:4      | Bought a scroll of blinking for 90 gold pieces
  5041 | D:4      | Noticed Edmund
  5163 | D:4      | Killed Edmund
  5164 | D:4      | Reached skill level 7 in Summonings
  5164 | D:4      | Reached XP level 8. HP: 13/33 MP: 3/15
  5562 | D:4      | Identified a scroll of acquirement
  5564 | D:4      | Acquired 857 gold pieces
  5665 | D:5      | Entered Level 5 of the Dungeon
  5712 | D:5      | Found a sand-covered staircase.
  5718 | Ossuary  | Entered an ossuary
  5880 | Ossuary  | Reached skill level 5 in Hexes
  5952 | Ossuary  | Reached skill level 5 in Dodging
  6113 | D:5      | Learned a level 2 spell: Blink
  6145 | D:5      | Found a blossoming altar of Fedhas.
  6185 | D:5      | Reached skill level 1 in Translocations
  6411 | D:5      | Reached XP level 9. HP: 35/37 MP: 11/17
  6481 | D:5      | Found a shimmering blue altar of Sif Muna.
  6503 | D:5      | Identified the +5 rapier of the Stopping Penguin {drain,
                  | Will+ Dex+4}
  6527 | D:5      | Found a basalt altar of Yredelemnul.
  7018 | D:6      | Reached skill level 8 in Summonings
  7357 | D:6      | Found an opulent altar of Gozag.
  7359 | D:6      | Found a shimmering altar of Xom.
  7359 | D:6      | Found a sparkling altar of Nemelex Xobeh.
  7361 | D:6      | Found an ornate altar of the Wu Jian Council.
  7361 | D:6      | Found a sacrificial altar of Ru.
  7361 | D:6      | Found a shimmering altar of Xom.
  7496 | D:6      | Found an opulent altar of Gozag.
  7511 | D:6      | Became a worshipper of Gozag Ym Sagoz the Greedy
  7856 | D:7      | Noticed Pikel
  7876 | D:7      | Reached skill level 5 in Air Magic
  7925 | D:7      | Found a flagged portal.
  7942 | D:7      | Reached skill level 5 in Spellcasting
  7979 | Bailey   | Entered a bailey
  8102 | Bailey   | Noticed an orc warlord
  8291 | Bailey   | Found a runed translucent gate.
  8292 | Bailey   | Found a runed translucent gate.
  8293 | Bailey   | Found a runed translucent gate.
  8521 | Bailey   | Killed an orc warlord
  8522 | Bailey   | Reached skill level 9 in Summonings
  8522 | Bailey   | Reached XP level 10. HP: 43/43 MP: 6/19
  8639 | D:7      | Acquired 896 gold pieces
  8655 | D:7      | Killed Pikel
  8656 | D:7      | Reached skill level 5 in Translocations
  9120 | D:7      | Identified the +0 ring mail of Fedhas's Favour {rPois rN+
                  | Dex+3}
  9184 | D:7      | Found a staircase to the Ecumenical Temple.
  9266 | D:8      | Noticed Maurice
  9313 | D:8      | Killed Maurice
  9932 | D:8      | Found a snail-covered altar of Cheibriados.
 10149 | D:8      | Noticed Erica
 10166 | D:8      | Killed Erica
 10167 | D:8      | Reached skill level 5 in Fighting
 10167 | D:8      | Reached skill level 10 in Summonings
 10411 | D:8      | Found a bloodstained altar of Trog.
 10534 | D:8      | Found a hazy altar of Hepliaklqana.
 10865 | D:9      | Noticed a two-headed ogre
 10875 | D:9      | Noticed a manticore
 10878 | D:9      | Noticed a manticore
 10879 | D:9      | Killed a two-headed ogre
 10880 | D:9      | Reached XP level 11. HP: 48/48 MP: 8/21
 10884 | D:9      | Noticed a centaur warrior
 10887 | D:9      | Killed from afar by an acid dragon
 10888 | D:9      | Reached XP level 10. HP: -7/44 MP: 2/20
 10918 | D:9      | Killed a centaur warrior
 10962 | D:9      | Killed a manticore
 11165 | D:9      | Noticed a two-headed ogre
 11173 | D:9      | Killed a two-headed ogre
 11324 | D:9      | Killed a manticore
 11832 | D:9      | Found Xetepn Ikko's Jewellery Boutique.
 11840 | D:9      | Bought a ring of magical power for 300 gold pieces
 12484 | D:10     | Entered Level 10 of the Dungeon
 12564 | D:10     | Found an ancient bone altar of Kikubaaqudgha.
 12594 | D:10     | Reached XP level 11. HP: 7/48 MP: 17/22
 12786 | D:10     | Noticed a deep elf pyromancer
 12790 | D:10     | Noticed Josephine
 12818 | D:10     | Killed Josephine
 12819 | D:10     | Reached skill level 11 in Summonings
 12832 | D:10     | Killed a deep elf pyromancer
 13119 | D:10     | Noticed Fannar
 13134 | D:10     | Killed Fannar
 13314 | D:10     | Found a stormy altar of Qazlal.
 13372 | D:10     | Found a staircase to the Lair.
 13649 | D:11     | Noticed a white ugly thing
 13664 | D:11     | Killed a white ugly thing
 14176 | D:11     | Noticed a two-headed ogre
 14183 | D:11     | Killed a two-headed ogre
 14681 | D:12     | Noticed a two-headed ogre
 14689 | D:12     | Killed a two-headed ogre
 14815 | D:11     | Gained mutation: You are resistant to electric shocks.
                  | (rElec) [potion of mutation]
 14815 | D:11     | Gained mutation: You sometimes lose your temper in combat.
                  | [potion of mutation]
 14815 | D:11     | Gained mutation: You are strong-willed. (Will+) [potion of
                  | mutation]
 14816 | D:11     | Lost mutation: You sometimes lose your temper in combat.
                  | [potion of mutation]
 14816 | D:11     | Lost mutation: You are strong-willed. (Will+) [potion of
                  | mutation]
 14816 | D:11     | Lost mutation: You are resistant to electric shocks.
                  | (rElec) [potion of mutation]
 14816 | D:11     | Gained mutation: You are partially covered in iridescent
                  | scales. (AC +2) [potion of mutation]
 14816 | D:11     | Gained mutation: You expend magic power (3 MP) to
                  | strengthen your wands. [potion of mutation]
 14817 | D:11     | Lost mutation: You are partially covered in iridescent
                  | scales. (AC +2) [potion of mutation]
 14817 | D:11     | Lost mutation: You expend magic power (3 MP) to strengthen
                  | your wands. [potion of mutation]
 14817 | D:11     | Gained mutation: You occasionally lose the ability to read
                  | scrolls when taking damage. [potion of mutation]
 14817 | D:11     | Gained mutation: You are weak. (Str -2) [potion of
                  | mutation]
 14894 | D:12     | Reached skill level 10 in Dodging
 15045 | D:12     | Gained mutation: Your thick and shaggy fur keeps you warm.
                  | (AC +3, rC+) [Felid growth]
 15045 | D:12     | Reached XP level 12. HP: 31/54 MP: 24/24
 15058 | D:12     | Reached skill level 12 in Summonings
 15147 | D:12     | Found a staircase to the Orcish Mines.
 15960 | D:13     | Noticed a centaur warrior
 15970 | D:13     | Killed a centaur warrior
 16106 | D:13     | You fall into a shaft and drop 2 floors!
 16106 | D:15     | Entered Level 15 of the Dungeon
 16121 | D:15     | Found a staircase to the Depths.
 16121 | D:15     | Noticed a stone giant
 16365 | D:15     | Reached skill level 10 in Air Magic
 16370 | D:15     | Noticed a tengu warrior
 16376 | D:15     | Killed a tengu warrior
 16483 | D:15     | Found a huge runed gate.
 16483 | D:15     | Found a huge runed gate.
 16483 | D:15     | Found a huge runed gate.
 16483 | D:15     | Found a huge runed gate.
 16483 | D:15     | Found a huge runed gate.
 16483 | D:15     | Found a huge runed gate.
 16483 | D:15     | Found a huge runed gate.
 16483 | D:15     | Found a huge runed gate.
 16484 | D:15     | Found a huge runed gate.
 16484 | D:15     | Found a huge runed gate.
 16493 | D:15     | Found a huge runed gate.
 16493 | D:15     | Found a huge runed gate.
 16493 | D:15     | Found a huge runed gate.
 16493 | D:15     | Found a huge runed gate.
 16493 | D:15     | Found a huge runed gate.
 16493 | D:15     | Found a huge runed gate.
 16494 | D:15     | Found a huge runed gate.
 16495 | D:15     | Found a huge runed gate.
 16496 | D:15     | Found a huge runed gate.
 16655 | D:15     | Found a huge runed gate.
 16655 | D:15     | Found a huge runed gate.
 16655 | D:15     | Found a huge runed gate.
 16655 | D:15     | Found a huge runed gate.
 16655 | D:15     | Found a huge runed gate.
 16655 | D:15     | Found a huge runed gate.
 16656 | D:15     | Found a huge runed gate.
 16657 | D:15     | Found a huge runed gate.
 16658 | D:15     | Found a huge runed gate.
 16667 | D:15     | Found a huge runed gate.
 16667 | D:15     | Found a huge runed gate.
 16668 | D:15     | Found a huge runed gate.
 16669 | D:15     | Found a huge runed gate.
 16670 | D:15     | Found a huge runed gate.
 16671 | D:15     | Found a huge runed gate.
 16676 | D:14     | Noticed a six-headed hydra
 16676 | D:14     | Noticed a centaur warrior
 16678 | D:14     | Found the +9 staff of Wucad Mu {*channel}
 16852 | D:13     | Learned a level 3 spell: Tukima's Dance
 16858 | D:13     | Learned a level 5 spell: Yara's Violent Unravelling
 17208 | D:13     | Reached skill level 1 in Transmutations
 17530 | D:13     | Noticed Frances
 17544 | D:13     | Killed Frances
 17756 | D:13     | Noticed a centaur warrior
 17788 | D:13     | Killed a centaur warrior
 17791 | D:13     | Reached skill level 13 in Summonings
 18062 | Lair:1   | Entered Level 1 of the Lair of Beasts
 18216 | Lair:1   | Noticed a boulder beetle
 18253 | Lair:1   | Reached XP level 13. HP: 33/58 MP: 21/26
 19132 | Lair:1   | Bought a manual of Fighting for 1040 gold pieces
 19139 | Lair:1   | Bought the amulet of Adetwoif {Faith rC+ Regen+ Slay+2
                  | Stlth+} for 912 gold pieces
 19149 | Lair:1   | Lost mutation: You are weak. (Str -2) [potion of mutation]
 19149 | Lair:1   | Lost mutation: You occasionally lose the ability to read
                  | scrolls when taking damage. [potion of mutation]
 19149 | Lair:1   | Gained mutation: You expend magic power (3 MP) to
                  | strengthen your wands. [potion of mutation]
 19149 | Lair:1   | Gained mutation: Your spells are a little harder to cast,
                  | but a little more powerful. [potion of mutation]
 19149 | Lair:1   | Gained mutation: You are vulnerable to heat. (rF-) [potion
                  | of mutation]
 19150 | Lair:1   | Lost mutation: You expend magic power (3 MP) to strengthen
                  | your wands. [potion of mutation]
 19150 | Lair:1   | Lost mutation: Your spells are a little harder to cast, but
                  | a little more powerful. [potion of mutation]
 19150 | Lair:1   | Lost mutation: You are vulnerable to heat. (rF-) [potion of
                  | mutation]
 19150 | Lair:1   | Gained mutation: Your mind is acute. (Int +4, Str/Dex -1)
                  | [potion of mutation]
 19464 | Lair:2   | Found a staircase to the Swamp.
 20257 | Lair:3   | Found a gate leading to a gauntlet.
 20266 | Gauntlet | Entered a Gauntlet
 20266 | Gauntlet | Found a transporter.
 20266 | Gauntlet | Found a transporter.
 20266 | Gauntlet | Found a transporter.
 20279 | Gauntlet | Found a transporter.
 20283 | Gauntlet | Found a transporter.
 20299 | Gauntlet | Found a transporter.
 20303 | Gauntlet | Found a transporter.
 20323 | Gauntlet | Found a transporter.
 20339 | Gauntlet | Found a transporter.
 20359 | Gauntlet | Found a transporter.
 20361 | Gauntlet | Found a transporter.
 20373 | Gauntlet | Found a transporter.
 20414 | Gauntlet | Learned a level 2 spell: Sublimation of Blood
 20568 | Gauntlet | Identified the ring "Taxul" {rF+ Str+3 Dex+5 SInv}
 20783 | Gauntlet | Upgraded the game from 0.30-a0-738-g116ff8c4af to
                  | 0.30-a0-739-gea05faddec
 20798 | Gauntlet | Identified the +1 dagger of Patterns {freeze, rPois rCorr
                  | Dex-4 Stlth-}
 20798 | Gauntlet | Noticed a minotaur
 20809 | Gauntlet | Killed a minotaur
 21109 | Lair:3   | Identified the +4 double sword of the Invisible Invaders
                  | {vamp, rElec}
 21128 | Lair:3   | Found a hole to the Spider Nest.
 21279 | Lair:3   | Reached skill level 14 in Summonings
 21509 | Lair:3   | Noticed Urug
 21522 | Lair:3   | Killed Urug
 22124 | Lair:4   | Reached XP level 14. HP: 65/65 MP: 28/28
 22235 | Lair:4   | Reached skill level 10 in Fighting
 22235 | Lair:4   | Reached skill level 5 in Transmutations
 22955 | Lair:5   | Entered Level 5 of the Lair of Beasts
 23034 | Lair:5   | Found a staircase to the Slime Pits.
 24015 | Lair:5   | Identified the amulet "Jothatei" {Spirit Fragile rElec
                  | Int+6}
 24100 | Lair:5   | Found a runed translucent door.
 24100 | Lair:5   | Noticed browni3141's ghost (journeyman NaSu)
 24962 | Lair:5   | Found a corrupted altar of Lugonu.
 25009 | Lair:5   | Found a one-way gate to the infinite horrors of the Abyss.
 25014 | Lair:5   | Identified the +5 plate armour of Uruur {*Corrode rPois
                  | Int+3}
 25576 | Lair:5   | Bought the ring of the Mage {Wiz Archmagi} for 561 gold
                  | pieces
 25576 | Lair:5   | Found the ring of the Mage {Wiz Archmagi}
 25679 | Orc:1    | Entered Level 1 of the Orcish Mines
 25679 | Orc:1    | Found Yroydd's Weapon Emporium.
 25683 | Orc:1    | Found Gooma's General Store.
 25691 | Orc:1    | Reached skill level 15 in Summonings
 25807 | Orc:1    | Bought a potion of heal wounds for 60 gold pieces
 25878 | Orc:1    | Found Cant's Antique Armour Shoppe.
 26018 | Orc:1    | Found a dark tunnel.
 26109 | Orc:2    | Entered Level 2 of the Orcish Mines
 26116 | Orc:2    | Found Qeaxtoip's Jewellery Boutique.
 26144 | Orc:2    | Noticed Sonja
 26161 | Orc:2    | Killed Sonja
 26253 | Orc:2    | Noticed Erolcha
 26261 | Orc:2    | Killed Erolcha
 26302 | Orc:2    | Reached skill level 10 in Hexes
 26380 | Orc:2    | Noticed Rupert
 26409 | Orc:2    | Slain by Rupert
 26410 | Orc:2    | Reached XP level 13. HP: 0/63 MP: 2/27
 26474 | Orc:2    | Reached skill level 10 in Spellcasting
 26488 | Orc:2    | Slain by a two-headed ogre
 26489 | Orc:2    | Reached XP level 12. HP: -4/60 MP: 4/27
 26495 | Orc:2    | Noticed a two-headed ogre
 26498 | Orc:2    | Noticed a two-headed ogre
 26501 | Orc:2    | Killed a two-headed ogre
 26504 | Orc:2    | Killed a two-headed ogre
 26505 | Orc:2    | Reached XP level 13. HP: 63/63 MP: 1/28
 26513 | Orc:2    | Found a staircase to the Elven Halls.
 26872 | Orc:1    | Found Usom's General Store.
 26876 | Orc:1    | Bought a potion of heal wounds for 80 gold pieces
 26933 | Orc:1    | Found Leoggi Baas's Assorted Antiques.
 26941 | Orc:1    | Bought a potion of heal wounds for 145 gold pieces
 27741 | Orc:2    | Found Jocu's General Store.
 27927 | Orc:2    | Found Eriacuir's Antique Armour Boutique.
 27927 | Orc:2    | Found Adaeriki's Antique Armour Emporium.
 27928 | Orc:2    | Found Ittaq's Antique Armour Emporium.
 27928 | Orc:2    | Found Zyffi's Antique Weapon Shop.
 27952 | Orc:2    | Bought a potion of ambrosia for 120 gold pieces
 27952 | Orc:2    | Bought a scroll of amnesia for 60 gold pieces
 28195 | Orc:2    | Killed Rupert
 28291 | Orc:2    | Found a gateway to a bazaar.
 28300 | Bazaar   | Entered a bazaar
 28316 | Bazaar   | Found Raira's Jewellery Emporium.
 28317 | Bazaar   | Found Effosuog's Distillery.
 28360 | Bazaar   | Found Vuddiasuist's Book Shoppe.
 28360 | Bazaar   | Found Feenus's Distillery.
 28394 | Bazaar   | Bought a book of the Warp for 546 gold pieces
 28425 | Bazaar   | Bought a potion of curing for 27 gold pieces
 28425 | Bazaar   | Bought a potion of brilliance for 36 gold pieces
 28425 | Bazaar   | Bought a potion of brilliance for 36 gold pieces
 28425 | Bazaar   | Bought a potion of heal wounds for 45 gold pieces
 28425 | Bazaar   | Bought a potion of cancellation for 72 gold pieces
 28443 | Bazaar   | Bought a potion of resistance for 110 gold pieces
 28443 | Bazaar   | Bought a potion of magic for 88 gold pieces
 28443 | Bazaar   | Bought 2 potions of magic for 176 gold pieces
 29137 | D:14     | Identified the +1 scale mail of Mumblety Peg {Harm Rampage
                  | Str+3}
 29474 | D:14     | Learned a level 6 spell: Summon Cactus Giant
 29491 | D:14     | Found an opulent altar of Gozag.
 29790 | D:14     | Found a gate to the Vaults.
 29805 | D:14     | Reached XP level 14. HP: 40/69 MP: 18/29
 29834 | D:14     | Slain by a +6 long sword

Illustrated notes

Levels and vault maps discovered:
D:1:      spicycebolla_arrival_risky_transporter, layout_loops_cross
D:2:      layout_rooms, hangedman_decor_push, minmay_heptomino_l4
D:3:      lemuel_castle_with_subvaults [lemuel_castle_interior_carwin_2],
          layout_basic
D:4:      minmay_chambers_of_twos, layout_basic, serial_shops, shop,
          grunt_tough_drop, uniq_edmund, uniq_sigmund
D:5:      layout_loops_cross, fedhas_altar_2, lemuel_tele_altar,
          mainiacjoe_overflow_surrounded_room, nicolae_ossuary_entry_plus
D:6:      layout_loops_ring, doesnt_xom_only_xom, lemuel_round_altar
D:7:      layout_cave_pools, minmay_temple_entry_butterflies, enter_bailey_2,
          uniq_pikel
D:8:      layout_rooms, slow_altar_2, kennysheep_little_box,
          nicolae_hepliaklqana_monster_ancestors, nrook_loot_triangle,
          due_unseen_surprise, uniq_erica, uniq_maurice
D:9:      hangedman_cross_stitches, layout_basic, serial_shops, shop_statue
D:10:     layout_cave_pools, mainiacjoe_overflow_concentric_impassable,
          nicolae_qazlal_scattered_showers, lair_entry_dummy, uniq_fannar,
          uniq_josephine
D:11:     layout_loops_ring
D:12:     layout_long_grid, david_orc_5
D:13:     layout_irregular_city, minmay_quadrilaterals, uniq_frances
D:14:     layout_loops_ring, erik_vaults_1, grunt_gozag_statues
D:15:     grunt_enter_depths_giant_problem, layout_stronghold, door_vault
Lair:1:   layout_regular_city
Lair:2:   layout_hall_layers, swamp_mist, grunt_megastairs_2
Lair:3:   layout_cave_pods, spider_nest_entry_a, gauntlet_entry_generic,
          chequers_serial_rivers_small_a, serial_bayou_crossing, uniq_urug
Lair:4:   layout_cave_pods, dreamdust_mushroom_princess, lemuel_fruit_tree
Lair:5:   hellmonk_lair_end_abyssal_woods, layout_cave_pods,
          minmay_slime_entry_oklob_open, gammafunk_ghost_grave
Orc:1:    layout_caves, nicolae_volcano_entry_s_turn, serial_shops,
          nicolae_shop_trees, nicolae_shop_trees, shop,
          nicolae_shop_behind_doors, nicolae_lakefront_shop
Orc:2:    st_orc_ogre_mass, layout_caves, serial_shops, bzr_firewalk,
          nicolae_shop_statue_plus, shop, uniq_erolcha, uniq_rupert, uniq_sonja

Skill      XL: |  1  2  3  4  5  6  7  8  9 10 11 12 13 14 |
---------------+-------------------------------------------+-----
Dodging        | 3 4 5 6 8 10 11 14 13 | 14.1
Stealth        | 3 |  3.4
Summonings     | 5 6 7 9 10 11 13 14 15 | 15.9
Spellcasting   | 3 4 5 6 7 8 10 | 10.5
Hexes          | 1 2 3 4 5 6 8 10 | 10.0
Air Magic      | 1 3 4 6 8 9 10 | 10.0
Fighting       | 1 2 4 6 7 8 12 11 | 12.4
Translocations | 2 4 5 |  5.0
Transmutations | 2 7 6 |  7.9

Action                     |  1- 3 |  4- 6 |  7- 9 | 10-12 | 13-15 || total
---------------------------+-------+-------+-------+-------+-------++-------
  Melee: Unarmed           |    14 |    16 |    42 |    26 |    58 ||   156
         Bite              |     1 |     1 |     7 |     6 |    10 ||    25
         Punch             |       |       |       |       |     2 ||     2
   Cast: Summon Small Mamm |    52 |    16 |    11 |     5 |     5 ||    89
         Call Imp          |    15 |    15 |    16 |    28 |    26 ||   100
         Call Canine Famil |     6 |    17 |    35 |    70 |    83 ||   211
         Summon Guardian G |       |     4 |    26 |    79 |   112 ||   221
         Summon Lightning  |       |       |    23 |   113 |   143 ||   279
         Blink             |       |       |       |     3 |     9 ||    12
         Tukima's Dance    |       |       |       |     6 |    24 ||    30
         Yara's Violent Un |       |       |       |     1 |       ||     1
         Summon Cactus Gia |       |       |       |       |     2 ||     2
 Invoke: Call Merchant     |       |       |       |       |     4 ||     4
  Evoke: Wand              |       |     2 |     2 |    10 |     8 ||    22
         Piece from Xom's  |       |       |       |     1 |       ||     1
         Lightning rod     |       |       |       |       |     3 ||     3
    Use: Potion            |       |     3 |     2 |     8 |     4 ||    17
         Scroll            |       |     1 |    10 |    14 |     8 ||    33
   Stab: Distracted        |     1 |       |     1 |     1 |     3 ||     6
 Armour: Skin              |     3 |     3 |    11 |     3 |     5 ||    25
  Dodge: Dodged            |    18 |    31 |    72 |   153 |   172 ||   446

Table legend: (Time is in decaauts)
 A = Elapsed time spent in this place.
 B = Non-inter-level travel time spent in this place.
 C = Inter-level travel time spent in this place.
 D = Time resting spent in this place.
 E = Time spent auto-exploring this place.
 F = Levels seen in this place.
 G = Mean time per level.
                   A        B        C        D        E       F      G
               +--------+--------+--------+--------+--------+-----+--------+
         Total |  26770 |  25961 |    809 |   2718 |  17070 |  26 | 1029.6 |
       Dungeon |  16515 |  15975 |    540 |   1881 |  10405 |  15 | 1101.0 |
          Lair |   6180 |   5978 |    202 |    314 |   4432 |   5 | 1236.0 |
  Orcish Mines |   2415 |   2348 |     67 |    189 |   1645 |   2 | 1207.5 |
        Bazaar |    124 |    124 |      0 |      0 |     62 |   1 |  124.0 |
       Ossuary |    359 |    359 |      0 |      0 |    125 |   1 |  359.0 |
        Bailey |    623 |    623 |      0 |    176 |    286 |   1 |  623.0 |
      Gauntlet |    551 |    551 |      0 |    158 |    113 |   1 |  551.0 |
               +--------+--------+--------+--------+--------+-----+--------+

Top non-repeatable levels by time:
  Lair:5: 2385 daAuts
     D:3: 1777 daAuts
     D:9: 1702 daAuts
   Orc:2: 1651 daAuts
    D:13: 1579 daAuts
     D:4: 1244 daAuts
     D:8: 1224 daAuts
    D:14: 1150 daAuts
     D:1: 1122 daAuts
    D:11: 1106 daAuts
  Lair:3: 1080 daAuts
    D:10: 1002 daAuts
     D:2: 972 daAuts
  Lair:1: 960 daAuts
  Lair:2: 958 daAuts
